 Dungeon Crawl Stone Soup version 0.30-a0-457-g4b7bca3bfa (webtiles) character file.

Game seed: 1742708285174950123

66 dohliylev the Ruffian (level 3, 0/36 HPs)
             Began as a Troll Berserker on Dec 12, 2022.
             Was a Believer of Trog.
             Slain by an orc
             ... wielding a +1 vorpal falchion
              (2 damage)
             ... on level 3 of the Dungeon.
             The game lasted 00:04:28 (2118 turns).

dohliylev the Ruffian (Troll Berserker)             Turns: 2118, Time: 00:04:29

Health: 0/36       AC:  4    Str: 27    XL:     3   Next: 96%
Magic:  2/2        EV: 10    Int:  3    God:    Trog [**....]
Gold:   81         SH:  0    Dex:  9    Spells: 2/2 levels left

rFire   . . .      SeeInvis .      - Unarmed
rCold   . . .      Faith    .    (no shield)
rNeg    . . .      Spirit   .    a - +0 animal skin
rPois   .          Reflect  .    (helmet restricted)
rElec   .          Harm     .    (no cloak)
rCorr   .          Rampage  .    (gloves unavailable)
Will    ++...                    (boots unavailable)
Stlth   +.........               (no amulet)
HPRegen 2.06/turn                (no ring)
MPRegen 0.08/turn                (no ring)

@: strong-willed, regenerating
A: large, unfitting armour, claws 3, regeneration 1, shaggy fur 1, tough skin 1
a: Renounce Religion, Berserk, Trog's Hand


You were on level 3 of the Dungeon.
You worshipped Trog.
Trog was pleased with you.
You visited 1 branch of the dungeon, and saw 3 of its levels.

You collected 81 gold pieces.

Inventory:

Armour
 a - a +0 animal skin (worn)
Jewellery
 b - a ring of flight
 l - a +6 ring of intelligence
Scrolls
 c - a scroll of poison {unknown}
 d - a scroll of identify {unknown}
 e - 2 scrolls of fog {unknown}
 f - a scroll of blinking {unknown}
 i - a scroll of noise {unknown}
 j - 2 scrolls of immolation {unknown}
 n - a scroll of butterflies {unknown}
Potions
 g - a potion of lignification {unknown}
 h - a potion of heal wounds {unknown}
 k - a potion of curing {unknown}
 m - a potion of haste {unknown}
 o - a potion of invisibility {unknown}


   Skills:
 + Level 2.9 Fighting
 + Level 2.9 Dodging
 + Level 4.0 Unarmed Combat


You had 2 spell levels left.
You didn't know any spells.
Your spell library was empty.

Dungeon Overview and Level Annotations

Branches:
Dungeon (3/15)

Altars:

Shops:
D:2 (


Innate Abilities, Weirdness & Mutations

You are too large for most types of armour.
You have claws for hands.
Your natural rate of healing is unusually fast.
You are covered in fur. (AC +1)
You have tough skin. (AC +1)


Message History

Deactivating autopickup; reactivate with Ctrl-A.
You hear a shout!
You scratch the orc.
The orc is almost dead.
The orc hits you with a +0 whip.
You claw the orc!
You kill the orc!
Trog accepts your kill.
Things that are here:
a +0 whip; a +0 ring mail; an orc corpse You scratch something.
Something hits you but does no damage.
You closely miss something.
You hear some strange, mumbled words.
A magic dart appears from out of thin air!
The magic dart hits you.
An orc comes into view. It is wielding a +1 vorpal falchion.
You closely miss something.
You hear some strange, mumbled words.
A magic dart appears from out of thin air!
The magic dart hits you!
You scratch something.
You hear some strange, mumbled words.
A puff of flame appears from out of thin air!
The puff of flame hits you!
You miss something.
The orc hits you with a +1 vorpal falchion.
You hear some strange, mumbled words.
A magic dart appears from out of thin air!
The magic dart hits you.
* * * LOW HITPOINT WARNING * * *
Your skin crawls.
You feel strong-willed.
The orc hits you with a +1 vorpal falchion.
* * * LOW HITPOINT WARNING * * *
x2 Something hits you.
* * * LOW HITPOINT WARNING * * *
A goblin comes into view. It is wielding a +0 dagger.
The orc attacks as you move away!
The orc hits you with a +1 vorpal falchion.
You die...

#.. .# #.. #.# ..
... ..#####.## #
#.#.......
...###.#.....
#...(.#..########
#....†<.......
#.##@#########
#.....o{.......
#....##.#######
#... ..[ #.g #.#
#. #.. # ###


You could see an orc and a goblin.

Vanquished Creatures
  An adder (D:2)
  A worm (D:2)
  A dart slug (D:1)
  An orc (D:3)
  5 endoplasms
  3 giant cockroaches
  3 goblins
  6 hobgoblins
  3 quokkas
  11 ball pythons
  5 bats
  3 frilled lizards
  2 kobolds (D:1)
  3 rats
48 creatures vanquished.

Notes
Turn   | Place    | Note
-------+----------+-------------------------------------------
     0 | D:1      | dohliylev the Troll Berserker began the quest for the Orb.
     0 | D:1      | Reached XP level 1. HP: 22/22 MP: 0/0
   108 | D:1      | Reached XP level 2. HP: 26/29 MP: 1/1
   451 | D:1      | You fall into a shaft and drop 1 floor!
   788 | D:2      | Found Riygo's Antique Weapon Boutique.
   808 | D:2      | Found a faded altar of an unknown god.
   956 | D:1      | Reached XP level 3. HP: 35/36 MP: 2/2
   982 | D:1      | Reached ** piety under Trog
  2105 | D:3      | Reached skill level 4 in Unarmed Combat
  2118 | D:3      | Slain by an orc

Illustrated notes

Levels and vault maps discovered:
D:1:      dpeg_arrival_short_road, layout_basic, st_stairs_7
D:2:      minmay_skewed_foursquare, layout_basic, ebering_ecumenical_altar_webs,
          serial_shops, nicolae_diamond_shop
D:3:      layout_basic, nicolae_overflow_crystal_walls, gammafunk_ghost_smash

Skill      XL: |  1  2  3 |
---------------+----------+-----
Unarmed Combat | 4 |  4.0
Fighting       | |  2.9
Dodging        | |  2.9

Action                   || total
-------------------------++-------
Melee: Unarmed           ||   107
       Punch             ||     1
Invok: Trog's Hand       ||     1
 Stab: Sleeping          ||     1
Armor: Animal skin       ||    31
Dodge: Dodged            ||    43

Table legend: (Time is in decaauts)
 A = Elapsed time spent in this place.
 B = Non-inter-level travel time spent in this place.
 C = Inter-level travel time spent in this place.
 D = Time resting spent in this place.
 E = Time spent auto-exploring this place.
 F = Levels seen in this place.
 G = Mean time per level.
                   A        B        C        D        E       F      G
               +--------+--------+--------+--------+--------+-----+--------+
         Total |   2112 |   1973 |    139 |    100 |   1515 |   3 |  704.0 |
       Dungeon |   2112 |   1973 |    139 |    100 |   1515 |   3 |  704.0 |
               +--------+--------+--------+--------+--------+-----+--------+

Top non-repeatable levels by time:
     D:1: 1071 daAuts
     D:2: 1022 daAuts
     D:3: 17 daAuts
